 Dungeon Crawl Stone Soup version 0.30-a0-715-gdb4ae3ece1 (webtiles) character file.

Game seed: 11625825877000984587

86 Rennog the Covered (level 4, 0/40 HPs)
             Began as an Armataur Fighter on Jan 23, 2023.
             Killed from afar by a dart slug (5 damage)
             ... with a slug dart
             ... on level 3 of the Dungeon.
             The game lasted 00:03:10 (1534 turns).

Rennog the Covered (Armataur Fighter)               Turns: 1534, Time: 00:03:10

Health: 0/40       AC: 10    Str: 22    XL:     4   Next: 26%
Magic:  4/4        EV:  6    Int:  8    God:
Gold:   169        SH:  8    Dex: 11    Spells: 3/3 levels left

rFire   . . .      SeeInvis .    a - +0 long sword
rCold   . . .      Faith    .    p - +0 kite shield
rNeg    . . .      Spirit   .    b - +0 scale mail
rPois   .          Reflect  .    s - +0 helmet
rElec   .          Harm     .    n - +0 cloak
rCorr   +          Roll     +    f - +0 pair of gloves
Will    .....                    (no barding) Stlth
                                 (no amulet)
HPRegen 0.26/turn                g - ring of resist corrosion
MPRegen 0.09/turn                (no ring)

@: no status effects
A: large, rugged brown scales 3, deformed body, armoured tail, roll, long
tongue, awkward tongue
a: no special abilities


You were on level 3 of the Dungeon.
You visited 1 branch of the dungeon, and saw 3 of its levels.

You collected 169 gold pieces.

Inventory:

Hand Weapons
 a - a +0 long sword (weapon)
Armour
 b - a +0 scale mail (worn)
 c - a +0 buckler
 f - a +0 pair of gloves (worn)
 n - a +0 cloak (worn)
 p - a +0 kite shield (worn)
 s - a +0 helmet (worn)
Jewellery
 g - a ring of resist corrosion (left hand)
 q - a ring of wizardry
 v - a ring of wizardry
 w - a ring of fire
Scrolls
 e - 3 scrolls of identify {unknown}
 i - 2 scrolls of enchant weapon {unknown}
 k - a scroll of fog {unknown}
 m - 2 scrolls of noise {unknown}
 u - a scroll of magic mapping {unknown}
Potions
 d - a potion of might
 h - a potion of degeneration {unknown}
 j - a potion of attraction {unknown}
 l - 2 potions of heal wounds {unknown}
 o - a potion of flight {unknown}
 r - a potion of haste {unknown}
 t - 2 potions of curing {unknown}


   Skills:
 * Level 3.4 Fighting
 * Level 2.9 Long Blades
 + Level 4.1 Armour
 + Level 3.7 Shields


You had 3 spell levels left.
You didn't know any spells.
Your spell library contained the following spells:

 Spells                   Type           Power      Damage    Failure   Level
 Sublimation of Blood     Necr           0%         N/A       98%         2
 Wereblood                Tmut           0%         N/A       98%         2
 Summon Hydra             Summ           0%         N/A       100%        7


Dungeon Overview and Level Annotations

Branches:
Dungeon (3/15)

Altars:


Innate Abilities, Weirdness & Mutations

You are completely covered in rugged brown scales. (AC +3, +7% HP)
Armour fits poorly on your strangely shaped body.
You have a long armoured tail.
You roll when moving toward enemies. (Rampage)
Your long tongue fully drains potion bottles. (2x potion effects)
Your tongue gives you trouble enunciating. (1.5x scroll delay)


Message History

The orc wizard points at you and mumbles some strange words.
The puff of flame hits you.
* * * LOW HITPOINT WARNING * * *
You closely miss the orc wizard.
Your tail-slap misses the orc wizard.
The orc wizard is almost dead.
You block the bat's attack. The orc wizard closely misses you.
The dart slug barely misses you.
Sorry, you're not good enough to have a special ability.
You hit the orc wizard but do no damage.
Your tail-slap misses the orc wizard.
The orc wizard is almost dead.
The bat hits you but does no damage.
The orc wizard hits you but does no damage.
You block the dart slug's attack. The bat hits you but does no damage.
The orc wizard hits you but does no damage.
You barely miss the orc wizard.
The orc wizard is almost dead.
The bat hits you but does no damage. You block the dart slug's attack.
The orc wizard hits you but does no damage.
You slash the orc wizard!
You kill the orc wizard!
You block the bat's attack.
The dart slug bites you but does no damage.
You have reached level 4!
You feel stronger.
You hit the dart slug but do no damage. The bat hits you but does no damage.
You block the dart slug's attack.
You completely miss the dart slug. The bat hits you but does no damage. x2
You block the dart slug's attack.
You hit the dart slug but do no damage. You tail-slap the dart slug!
The dart slug is almost dead.
The bat hits you but does no damage. The dart slug launches a dart at you.
You block the slug dart. The bat barely misses you.
You hit the dart slug but do no damage.
The dart slug is almost dead.
The bat hits you but does no damage. The dart slug launches a dart at you.
The slug dart hits you.
You die...

#..... #.....# ##....
##..... #####...
#......## #.....##
####.... ......##..##
#####...... #..###.....
#..$......##
#.....#.#.#.
#.......w.##...#
#>......
.......@b...#####...#.#.
####...).#....##........
#.....####.......#.#.
#.....##...###.......
#####..).####..#####.
#.....#### #.## #.
...###.# ##.# ## .
##.######..#######
..................


You could see a dart slug and a bat.

Vanquished Creatures
  An orc wizard (D:3)
  3 adders
  A worm (D:2)
  A dart slug (D:3)
  2 orcs (D:3)
  4 ball pythons
  3 bats (D:1)
  A giant cockroach (D:1)
  3 goblins (D:2)
  A hobgoblin (D:2)
  2 kobolds (D:2)
  A quokka (D:1)
  4 frilled lizards
  4 rats
31 creatures vanquished.

Notes
Turn   | Place    | Note
-------+----------+-------------------------------------------
     0 | D:1      | Rennog the Armataur Fighter began the quest for the Orb.
     0 | D:1      | Reached XP level 1. HP: 19/19 MP: 1/1
   257 | D:1      | Reached XP level 2. HP: 23/26 MP: 2/2
   663 | D:2      | Reached XP level 3. HP: 33/33 MP: 3/3
  1410 | D:3      | Reached skill level 4 in Armour
  1526 | D:3      | HP: 1/33 [orc wizard/puff of flame (3)]
  1531 | D:3      | Reached XP level 4. HP: 3/40 MP: 4/4
  1534 | D:3      | Killed from afar by a dart slug

Illustrated notes

Levels and vault maps discovered:
D:1:      dpeg_arrival_rooms_c, layout_rooms, serial_curves, eino_curves_04,
          eino_curves_01, minmay_tromino_v7
D:2:      layout_basic, fountainhead, hangedman_decor_clover_reticule,
          minmay_misc_feat_diagonals
D:3:      layout_rooms, glass_columns_b, kennysheep_another_room

Skill      XL: |  1  2  3 |
---------------+----------+-----
Long Blades    | 2 |  2.9
Fighting       | 3 |  3.4
Armour         | 4 |  4.1
Shields        | |  3.7

Action                     |  1- 3 |  4- 6 || total
---------------------------+-------+-------++-------
  Melee: Long sword        |   136 |     4 ||   140
         Tailslap          |     9 |     1 ||    10
 Armour: Scale mail        |   121 |     5 ||   126
  Dodge: Dodged            |    57 |     1 ||    58
  Block: Buckler           |    16 |       ||    16
         Kite shield       |    44 |     3 ||    47

Table legend: (Time is in decaauts)
 A = Elapsed time spent in this place.
 B = Non-inter-level travel time spent in this place.
 C = Inter-level travel time spent in this place.
 D = Time resting spent in this place.
 E = Time spent auto-exploring this place.
 F = Levels seen in this place.
 G = Mean time per level.
                   A        B        C        D        E       F      G
               +--------+--------+--------+--------+--------+-----+--------+
         Total |   1584 |   1523 |     61 |      0 |   1158 |   3 |  528.0 |
       Dungeon |   1584 |   1523 |     61 |      0 |   1158 |   3 |  528.0 |
               +--------+--------+--------+--------+--------+-----+--------+

Top non-repeatable levels by time:
     D:2: 787 daAuts
     D:1: 534 daAuts
     D:3: 261 daAuts
